[ AOE2 MATCH · #479217311 ]
Team RMKhmer vs Armenians
[ REPLAY ANALYSIS · EXTRACTED FROM THE RECORDED GAME ]
Feudal
14:41
Castle
19:14
Imperial
50:54
| APM avg | 11.4 |
| APM peak | 32 |
| eAPM avg | 8.1 |
| Villagers / military | 50 / 112 |
Focus
⚔️ 25.4% · 🌾 74.6%
Knight ×52 · Scout Cavalry ×37 · Ballista Elephant ×18 · Petard ×3 · Monk ×2
Feudal
11:57
Castle
35:20
Imperial
—
| APM avg | 23.0 |
| APM peak | 56 |
| eAPM avg | 11.3 |
| Villagers / military | 61 / 85 |
Focus
⚔️ 35.4% · 🌾 64.6%
Spearman ×40 · Militia ×34 · Warrior Priest ×10 · Trade Cart ×2 · Monk ×1
Feudal
11:31
Castle
45:20
Imperial
—
| APM avg | 19.4 |
| APM peak | 57 |
| eAPM avg | 9.2 |
| Villagers / military | 80 / 30 |
Focus
⚔️ 15.2% · 🌾 84.8%
Skirmisher ×24 · Scout Cavalry ×6
Feudal
11:17
Castle
20:31
Imperial
46:36
| APM avg | 15.5 |
| APM peak | 43 |
| eAPM avg | 8.4 |
| Villagers / military | 152 / 90 |
Focus
⚔️ 28.2% · 🌾 71.8%
Spearman ×39 · Militia ×10 · Bombard Cannon ×10 · Teutonic Knight ×10 · Archer ×9 · Mangonel ×5
Match map
Initial resources + every placement click. Lines = walls · curves = elevation contours. ◆ gold · ⬟ stone · ● berries · ✦ relic · ◌ wall gap
Your base· Open — 5t gap
king517670's base· Open — 4t gap
Gérard Archer's base· Open — 4t gap
炸雞勇者's base· Open — 6t gap
Smoothed initial terrain · ◌ = detected wall gap · hover for details
Inputs per minute
— kipchakwar - - king517670
Build order — kipchakwar
First 150 of 171 actions detected
| 0:10 | Create | Villager (Male) ×4 |
| 0:19 | Build | House |
| 0:44 | Build | House |
| 0:46 | Build | House |
| 0:47 | Build | House |
| 0:48 | Build | House |
| 2:23 | Create | Villager (Male) |
| 2:24 | Create | Villager (Male) |
| 3:08 | Create | Villager (Male) |
| 3:08 | Create | Villager (Male) |
| 3:43 | Create | Villager (Male) |
| 3:43 | Create | Villager (Male) |
| 3:44 | Create | Villager (Male) |
| 4:01 | Create | Villager (Male) |
| 4:26 | Create | Villager (Male) |
| 5:45 | Create | Villager (Male) |
| 5:45 | Create | Villager (Male) |
| 5:45 | Create | Villager (Male) |
| 5:46 | Create | Villager (Male) |
| 5:46 | Create | Villager (Male) |
| 6:27 | Create | Villager (Male) |
| 6:27 | Create | Villager (Male) |
| 6:38 | Create | Villager (Male) |
| 6:38 | Create | Villager (Male) |
| 8:37 | Create | Villager (Male) |
| 8:38 | Create | Villager (Male) |
| 8:38 | Create | Villager (Male) |
| 10:05 | Create | Villager (Male) |
| 10:06 | Create | Villager (Male) |
| 10:06 | Create | Villager (Male) |
| 10:06 | Create | Villager (Male) |
| 10:28 | Build | Mill |
| 10:39 | Build | Lumber Camp |
| 11:19 | Build | Farm |
| 11:20 | Build | Farm |
| 11:21 | Build | Farm |
| 11:23 | Build | Farm |
| 11:35 | Build | Farm |
| 11:36 | Build | Farm |
| 11:38 | Build | Farm |
| 11:41 | Build | Farm |
| 12:31 | Research | Feudal Age |
| 12:57 | Build | Barracks |
| 13:36 | Build | Mining Camp |
| 14:34 | Build | House |
| 14:41 | Age | Feudal Age |
| 14:42 | Research | Double-Bit Axe |
| 14:46 | Research | Horse Collar |
| 15:10 | Build | House |
| 15:39 | Build | Archery Range |
| 16:34 | Research | Castle Age |
| 16:39 | Build | House |
| 16:46 | Research | Town Watch |
| 16:47 | Research | Wheelbarrow |
| 17:01 | Research | Stone Mining |
| 17:23 | Build | House |
| 17:56 | Build | House |
| 17:59 | Build | House |
| 18:02 | Build | House |
| 19:14 | Age | Castle Age |
| 19:19 | Research | Heavy Plow |
| 19:21 | Research | Bow Saw |
| 19:27 | Research | Stone Shaft Mining |
| 20:09 | Build | House |
| 20:47 | Build | Castle |
| 20:58 | Create | Villager (Male) |
| 20:58 | Create | Villager (Male) |
| 20:58 | Create | Villager (Male) |
| 20:58 | Create | Villager (Male) |
| 20:59 | Create | Villager (Male) |
| 20:59 | Create | Villager (Male) |
| 21:12 | Build | Lumber Camp |
| 21:19 | Research | Gold Mining |
| 21:36 | Build | House |
| 22:28 | Build | House |
| 22:38 | Build | Mining Camp |
| 23:03 | Build | House |
| 23:11 | Build | Farm |
| 23:19 | Create | Villager (Male) |
| 23:53 | Build | House |
| 24:11 | Build | Castle |
| 24:17 | Build | University |
| 24:39 | Research | Hand Cart |
| 24:41 | Create | Villager (Male) |
| 24:41 | Create | Villager (Male) |
| 24:41 | Create | Villager (Male) |
| 24:41 | Create | Villager (Male) |
| 24:42 | Create | Villager (Male) |
| 24:42 | Create | Villager (Male) |
| 25:01 | Build | Stone Wall |
| 25:21 | Research | Gold Shaft Mining |
| 25:50 | Build | Farm |
| 26:28 | Research | Murder Holes |
| 27:20 | Build | Town Center |
| 27:28 | Create | Villager (Male) |
| 27:28 | Create | Villager (Male) |
| 27:29 | Create | Villager (Male) |
| 27:42 | Build | Farm |
| 27:43 | Build | Farm |
| 27:44 | Build | Farm |
| 27:46 | Build | Farm |
| 27:47 | Build | Farm |
| 28:22 | Build | Stable |
| 28:33 | Build | Lumber Camp |
| 29:22 | Create | Ballista Elephant |
| 29:23 | Create | Ballista Elephant |
| 29:23 | Create | Ballista Elephant |
| 29:23 | Create | Ballista Elephant |
| 29:23 | Create | Ballista Elephant |
| 29:23 | Create | Ballista Elephant |
| 29:24 | Create | Ballista Elephant |
| 29:41 | Build | Mining Camp |
| 32:44 | Research | Light Cavalry (upgrade) |
| 32:45 | Research | Bloodlines |
| 32:45 | Research | Husbandry |
| 32:53 | Build | Blacksmith |
| 33:04 | Create | Knight ×5 |
| 33:05 | Create | Knight |
| 33:28 | Build | Castle |
| 33:42 | Create | Knight ×3 |
| 33:51 | Build | Farm |
| 33:56 | Research | Scale Barding Armor |
| 34:22 | Create | Ballista Elephant |
| 35:29 | Research | Chain Barding Armor |
| 35:40 | Build | Stable |
| 35:59 | Research | Forging |
| 36:05 | Build | Farm |
| 36:18 | Build | Farm |
| 36:20 | Build | Farm |
| 36:21 | Build | Farm |
| 36:39 | Create | Knight ×4 |
| 37:00 | Build | Stable |
| 37:39 | Create | Knight ×5 |
| 37:44 | Create | Ballista Elephant |
| 37:53 | Create | Ballista Elephant |
| 38:08 | Create | Knight |
| 38:47 | Create | Knight ×2 |
| 38:47 | Create | Knight ×2 |
| 40:15 | Create | Knight ×5 |
| 40:15 | Create | Knight ×5 |
| 40:31 | Create | Scout Cavalry ×5 |
| 40:31 | Create | Scout Cavalry ×5 |
| 40:31 | Create | Scout Cavalry ×5 |
| 41:05 | Create | Petard ×3 |
| 43:18 | Create | Knight ×5 |
| 43:18 | Create | Knight ×5 |
| 43:18 | Create | Knight ×3 |
| 43:21 | Create | Scout Cavalry ×5 |
| 43:21 | Create | Scout Cavalry ×5 |
| 43:21 | Create | Scout Cavalry ×2 |
Build order — king517670
First 150 of 272 actions detected
| 0:02 | Create | Villager (Male) |
| 0:02 | Create | Villager (Male) |
| 0:03 | Create | Villager (Male) |
| 0:03 | Create | Villager (Male) |
| 0:05 | Build | House |
| 0:06 | Build | House |
| 1:18 | Create | Villager (Male) |
| 2:19 | Create | Villager (Male) |
| 2:46 | Create | Villager (Male) |
| 2:47 | Create | Villager (Male) |
| 4:20 | Create | Villager (Male) |
| 4:20 | Create | Villager (Male) |
| 5:15 | Create | Villager (Male) |
| 5:16 | Create | Villager (Male) |
| 5:16 | Create | Villager (Male) |
| 5:22 | Build | House |
| 5:23 | Build | House |
| 5:24 | Build | House |
| 5:34 | Build | Mule Cart |
| 5:47 | Build | Mule Cart |
| 6:33 | Create | Villager (Male) |
| 6:34 | Create | Villager (Male) |
| 6:35 | Create | Villager (Male) |
| 6:35 | Create | Villager (Male) |
| 7:58 | Build | Mill |
| 8:45 | Build | Mill |
| 8:51 | Create | Villager (Male) |
| 8:53 | Create | Villager (Male) |
| 9:47 | Research | Feudal Age |
| 10:52 | Build | Barracks |
| 11:31 | Create | Villager (Male) |
| 11:31 | Create | Villager (Male) |
| 11:32 | Create | Villager (Male) |
| 11:37 | Create | Militia |
| 11:37 | Create | Militia |
| 11:57 | Age | Feudal Age |
| 12:36 | Build | Watch Tower |
| 12:40 | Research | Man-at-Arms (upgrade) |
| 13:31 | Build | Palisade Wall |
| 13:32 | Build | Palisade Wall |
| 13:33 | Build | Palisade Wall |
| 13:33 | Build | Palisade Wall |
| 13:46 | Research | Long Swordsman (upgrade) |
| 14:12 | Create | Militia |
| 14:12 | Create | Militia |
| 14:28 | Build | Farm |
| 14:28 | Build | Farm |
| 14:34 | Build | Blacksmith |
| 14:38 | Create | Militia |
| 15:24 | Build | Market |
| 16:12 | Research | Arson |
| 16:13 | Create | Militia |
| 16:13 | Create | Militia |
| 16:13 | Create | Militia |
| 16:14 | Create | Militia |
| 16:14 | Create | Militia |
| 16:38 | Create | Militia |
| 16:39 | Create | Militia |
| 16:59 | Build | Farm |
| 16:59 | Build | Farm |
| 17:03 | Build | House |
| 17:04 | Build | House |
| 17:38 | Build | House |
| 17:39 | Build | House |
| 19:03 | Create | Militia |
| 19:04 | Create | Militia |
| 19:08 | Build | Farm |
| 19:23 | Build | Mule Cart |
| 19:29 | Build | Farm |
| 19:29 | Build | Farm |
| 19:38 | Build | Archery Range |
| 20:15 | Create | Militia |
| 20:15 | Create | Militia |
| 20:16 | Create | Militia |
| 20:16 | Create | Militia |
| 20:16 | Create | Militia |
| 21:25 | Create | Militia |
| 21:25 | Create | Militia |
| 21:26 | Create | Militia |
| 21:26 | Create | Militia |
| 21:26 | Create | Militia |
| 22:40 | Create | Militia |
| 22:40 | Create | Militia |
| 22:40 | Create | Militia |
| 22:41 | Create | Militia |
| 23:14 | Build | Watch Tower |
| 23:43 | Create | Militia |
| 23:43 | Create | Militia |
| 23:44 | Create | Militia |
| 24:48 | Build | Barracks |
| 25:12 | Build | Farm |
| 25:14 | Research | Double-Bit Axe |
| 25:16 | Research | Gold Mining |
| 25:25 | Create | Militia |
| 25:25 | Create | Militia |
| 25:26 | Create | Militia |
| 25:51 | Research | Padded Archer Armor |
| 25:57 | Research | Scale Mail Armor |
| 26:05 | Research | Forging |
| 27:39 | Create | Villager (Male) |
| 27:40 | Create | Villager (Male) |
| 27:40 | Create | Villager (Male) |
| 27:40 | Create | Villager (Male) |
| 27:41 | Create | Villager (Male) |
| 27:51 | Build | Mule Cart |
| 30:07 | Create | Villager (Male) |
| 30:07 | Create | Villager (Male) |
| 30:07 | Create | Villager (Male) |
| 30:07 | Create | Villager (Male) |
| 30:08 | Create | Villager (Male) |
| 30:12 | Build | Farm |
| 30:15 | Create | Villager (Male) |
| 30:15 | Create | Villager (Male) |
| 31:22 | Create | Villager (Male) |
| 31:22 | Create | Villager (Male) |
| 32:13 | Research | Horse Collar |
| 32:33 | Research | Castle Age |
| 32:39 | Research | Castle Age |
| 33:08 | Build | Farm |
| 33:09 | Build | Farm |
| 33:11 | Build | Farm |
| 33:38 | Build | Farm |
| 33:39 | Build | Farm |
| 33:41 | Build | Farm |
| 35:20 | Age | Castle Age |
| 35:28 | Build | Monastery |
| 35:38 | Research | Heavy Plow |
| 35:50 | Research | Bow Saw |
| 36:17 | Create | Monk |
| 36:20 | Create | Warrior Priest |
| 36:22 | Create | Warrior Priest |
| 36:22 | Create | Warrior Priest |
| 36:32 | Research | Iron Casting |
| 36:33 | Research | Chain Mail Armor |
| 36:37 | Research | Caravan |
| 36:45 | Create | Trade Cart |
| 36:45 | Create | Trade Cart |
| 39:17 | Build | Town Center |
| 39:22 | Create | Villager (Male) |
| 39:23 | Create | Villager (Male) |
| 39:23 | Create | Villager (Male) |
| 39:25 | Research | Wheelbarrow |
| 39:27 | Create | Villager (Male) |
| 39:27 | Create | Villager (Male) |
| 39:27 | Create | Villager (Male) |
| 40:25 | Research | Pikeman (upgrade) |
| 40:35 | Research | Squires |
| 40:47 | Build | Barracks |
| 40:49 | Build | Barracks |
| 40:50 | Build | Barracks |
Build order — Gérard Archer
First 150 of 196 actions detected
| 0:01 | Create | Villager (Male) |
| 0:01 | Create | Villager (Male) |
| 0:01 | Create | Villager (Male) |
| 0:01 | Create | Villager (Male) |
| 0:02 | Create | Villager (Male) |
| 0:05 | Build | House |
| 0:07 | Build | House |
| 2:00 | Create | Villager (Male) |
| 2:00 | Create | Villager (Male) |
| 2:17 | Create | Villager (Male) |
| 2:35 | Create | Villager (Male) |
| 3:32 | Create | Villager (Male) |
| 5:07 | Create | Villager (Male) |
| 5:07 | Create | Villager (Male) |
| 6:02 | Build | Mill |
| 6:25 | Create | Villager (Male) |
| 6:47 | Build | House |
| 7:01 | Create | Villager (Male) |
| 7:01 | Create | Villager (Male) |
| 7:24 | Create | Villager (Male) |
| 8:07 | Create | Villager (Male) |
| 8:56 | Create | Villager (Male) |
| 9:07 | Research | Feudal Age |
| 9:07 | Research | Loom |
| 10:37 | Build | House |
| 11:31 | Age | Feudal Age |
| 11:42 | Build | Barracks |
| 11:47 | Build | House |
| 12:02 | Build | Watch Tower |
| 12:07 | Create | Villager (Male) |
| 12:07 | Create | Villager (Male) |
| 12:07 | Create | Villager (Male) |
| 13:04 | Build | Stable |
| 14:23 | Build | Stable |
| 14:44 | Build | Mule Cart |
| 14:48 | Create | Villager (Male) |
| 14:48 | Create | Villager (Male) |
| 15:06 | Build | House |
| 15:08 | Build | House |
| 15:13 | Create | Villager (Male) |
| 15:14 | Create | Villager (Male) |
| 15:18 | Build | Farm |
| 15:26 | Build | Farm |
| 15:32 | Create | Scout Cavalry |
| 15:33 | Create | Scout Cavalry |
| 15:33 | Create | Scout Cavalry |
| 15:34 | Create | Scout Cavalry |
| 15:39 | Build | Blacksmith |
| 15:55 | Build | Farm |
| 16:28 | Build | Farm |
| 16:49 | Research | Fletching |
| 17:24 | Build | Farm |
| 17:28 | Create | Scout Cavalry |
| 17:29 | Create | Scout Cavalry |
| 17:38 | Build | Farm |
| 17:41 | Create | Villager (Male) |
| 17:42 | Create | Villager (Male) |
| 18:15 | Build | Farm |
| 18:18 | Build | Farm |
| 19:16 | Build | Farm |
| 20:47 | Build | Farm |
| 20:50 | Build | Farm |
| 20:53 | Build | Farm |
| 20:56 | Build | Farm |
| 21:21 | Build | Archery Range |
| 21:29 | Build | Mule Cart |
| 22:32 | Build | Blacksmith |
| 23:33 | Research | Fletching |
| 24:00 | Build | Mule Cart |
| 24:27 | Research | Padded Archer Armor |
| 25:27 | Create | Villager (Male) |
| 25:28 | Create | Villager (Male) |
| 25:28 | Create | Villager (Male) |
| 25:38 | Build | House |
| 28:12 | Build | Town Center |
| 29:02 | Research | Double-Bit Axe |
| 30:16 | Build | Farm |
| 30:39 | Create | Villager (Male) |
| 30:40 | Create | Villager (Male) |
| 30:40 | Create | Villager (Male) |
| 30:40 | Create | Villager (Male) |
| 30:40 | Create | Villager (Male) |
| 30:40 | Create | Villager (Male) |
| 30:41 | Create | Villager (Male) |
| 30:41 | Create | Villager (Male) |
| 31:29 | Build | Farm |
| 31:39 | Build | House |
| 32:17 | Create | Villager (Male) |
| 32:18 | Create | Villager (Male) |
| 32:18 | Create | Villager (Male) |
| 32:29 | Build | House |
| 33:09 | Build | Mule Cart |
| 33:19 | Build | Farm |
| 33:41 | Build | Farm |
| 34:00 | Build | House |
| 34:51 | Create | Villager (Male) |
| 35:01 | Build | Farm |
| 35:16 | Create | Villager (Male) |
| 35:55 | Build | Blacksmith |
| 36:00 | Create | Villager (Male) |
| 36:17 | Build | Farm |
| 36:24 | Create | Villager (Male) |
| 36:46 | Create | Villager (Male) |
| 37:16 | Create | Villager (Male) |
| 37:26 | Build | House |
| 37:57 | Create | Villager (Male) |
| 38:19 | Build | Farm |
| 38:28 | Create | Villager (Male) |
| 38:48 | Create | Villager (Male) |
| 39:01 | Build | Market |
| 39:10 | Create | Villager (Male) |
| 39:26 | Build | House |
| 39:41 | Create | Villager (Male) |
| 40:40 | Build | Farm |
| 41:25 | Create | Villager (Male) |
| 41:25 | Create | Villager (Male) |
| 41:25 | Create | Villager (Male) |
| 42:25 | Build | Farm |
| 42:36 | Research | Castle Age |
| 42:56 | Build | Farm |
| 43:59 | Create | Villager (Male) |
| 43:59 | Create | Villager (Male) |
| 44:01 | Create | Villager (Male) |
| 44:31 | Build | Farm |
| 44:40 | Build | Archery Range |
| 44:53 | Research | Padded Archer Armor |
| 45:09 | Create | Villager (Male) |
| 45:15 | Build | Farm |
| 45:20 | Age | Castle Age |
| 45:46 | Build | Farm |
| 45:50 | Create | Skirmisher |
| 45:51 | Create | Skirmisher |
| 45:51 | Create | Skirmisher |
| 46:13 | Create | Villager (Male) |
| 46:49 | Build | Farm |
| 47:10 | Build | House |
| 47:16 | Build | House |
| 47:20 | Create | Villager (Male) |
| 47:20 | Create | Villager (Male) |
| 47:27 | Research | Wheelbarrow |
| 47:45 | Research | Elite Skirmisher (upgrade) |
| 47:53 | Create | Villager (Male) |
| 47:54 | Create | Villager (Male) |
| 47:54 | Create | Villager (Male) |
| 47:54 | Create | Villager (Male) |
| 48:14 | Build | Palisade Wall |
| 48:24 | Create | Villager (Male) |
| 48:24 | Create | Villager (Male) |
| 48:24 | Create | Villager (Male) |
| 48:25 | Create | Villager (Male) |
Build order — 炸雞勇者
First 150 of 264 actions detected
| 0:06 | Build | House |
| 0:07 | Build | House |
| 0:09 | Create | Villager (Male) ×4 |
| 0:10 | Create | Villager (Male) ×4 |
| 1:46 | Create | Villager (Male) |
| 1:47 | Create | Villager (Male) |
| 2:28 | Create | Villager (Male) |
| 2:29 | Create | Villager (Male) |
| 3:18 | Create | Villager (Male) |
| 3:18 | Create | Villager (Male) |
| 4:02 | Create | Villager (Male) |
| 4:02 | Create | Villager (Male) |
| 4:02 | Create | Villager (Male) |
| 4:13 | Create | Villager (Male) |
| 4:13 | Create | Villager (Male) |
| 4:14 | Create | Villager (Male) |
| 4:24 | Build | House |
| 4:26 | Build | House |
| 5:20 | Create | Villager (Male) |
| 5:22 | Create | Villager (Male) |
| 5:53 | Create | Villager (Male) ×4 |
| 7:15 | Build | Lumber Camp |
| 7:30 | Build | Mill |
| 8:00 | Create | Villager (Male) |
| 9:07 | Research | Feudal Age |
| 9:28 | Build | House |
| 9:29 | Build | House |
| 9:37 | Build | Farm |
| 9:38 | Build | Farm |
| 9:48 | Build | Farm |
| 10:38 | Build | Barracks |
| 10:49 | Create | Villager (Male) |
| 10:50 | Create | Villager (Male) |
| 10:50 | Create | Villager (Male) |
| 10:50 | Create | Villager (Male) |
| 10:51 | Create | Villager (Male) |
| 10:59 | Build | House |
| 11:01 | Build | House |
| 11:17 | Age | Feudal Age |
| 11:29 | Build | Palisade Wall |
| 11:34 | Build | Palisade Gate |
| 11:46 | Create | Villager (Male) ×4 |
| 11:53 | Build | Farm |
| 12:14 | Build | Mining Camp |
| 12:25 | Build | Farm |
| 12:43 | Build | Stable |
| 13:22 | Build | House |
| 13:25 | Build | House |
| 13:27 | Build | House |
| 13:33 | Research | Double-Bit Axe |
| 13:39 | Build | House |
| 13:47 | Build | House |
| 13:53 | Build | House |
| 13:55 | Build | House |
| 14:25 | Build | House |
| 14:27 | Build | House |
| 14:29 | Build | House |
| 14:37 | Build | Palisade Wall |
| 14:49 | Create | Villager (Male) |
| 14:50 | Create | Villager (Male) |
| 14:56 | Build | Farm |
| 14:57 | Build | Farm |
| 14:59 | Build | Farm |
| 15:01 | Build | Farm |
| 15:20 | Build | Farm |
| 15:22 | Build | Farm |
| 15:23 | Build | Farm |
| 15:24 | Build | Farm |
| 15:56 | Build | Archery Range |
| 16:11 | Build | Farm |
| 16:20 | Build | Farm |
| 16:25 | Build | Farm |
| 16:30 | Build | Farm |
| 16:35 | Build | Farm |
| 16:52 | Build | Palisade Wall |
| 17:01 | Create | Villager (Male) |
| 17:02 | Create | Villager (Male) |
| 17:23 | Build | Market |
| 17:39 | Research | Castle Age |
| 18:06 | Build | Mining Camp |
| 18:14 | Create | Archer ×2 |
| 18:15 | Create | Archer ×2 |
| 18:38 | Build | Mining Camp |
| 18:50 | Build | Palisade Wall |
| 20:31 | Age | Castle Age |
| 20:36 | Create | Villager (Male) ×5 |
| 20:50 | Build | Town Center |
| 22:00 | Build | Barracks |
| 22:29 | Build | Blacksmith |
| 22:35 | Create | Villager (Male) ×5 |
| 22:35 | Create | Villager (Male) ×5 |
| 22:38 | Create | Villager (Male) ×5 |
| 22:55 | Create | Militia ×5 |
| 22:56 | Create | Militia ×5 |
| 23:05 | Research | Man-at-Arms (upgrade) |
| 23:13 | Build | Stable |
| 23:37 | Build | Farm |
| 23:39 | Build | Farm |
| 24:03 | Build | Mining Camp |
| 24:06 | Create | Scout Cavalry |
| 24:07 | Create | Scout Cavalry |
| 24:24 | Research | Gambesons |
| 24:26 | Research | Long Swordsman (upgrade) |
| 24:56 | Research | Arson |
| 24:57 | Research | Squires |
| 25:53 | Build | Watch Tower |
| 26:58 | Build | Farm |
| 27:01 | Build | Farm |
| 27:04 | Build | Farm |
| 27:06 | Build | Farm |
| 27:15 | Research | Gold Mining |
| 27:15 | Research | Stone Mining |
| 27:42 | Build | Town Center |
| 27:58 | Research | Bloodlines |
| 28:20 | Create | Villager (Male) ×5 |
| 28:22 | Research | Wheelbarrow |
| 28:25 | Research | Forging |
| 28:26 | Research | Scale Mail Armor |
| 28:28 | Research | Fletching |
| 28:33 | Create | Villager (Male) |
| 28:40 | Build | Farm |
| 28:48 | Build | Farm |
| 28:51 | Build | Farm |
| 28:59 | Build | Farm |
| 29:26 | Build | Farm |
| 29:29 | Research | Bow Saw |
| 29:34 | Research | Iron Casting |
| 29:43 | Create | Villager (Male) |
| 29:43 | Create | Villager (Male) ×2 |
| 29:51 | Build | Mining Camp |
| 29:59 | Build | University |
| 30:27 | Build | Farm |
| 30:28 | Build | Farm |
| 30:34 | Research | Stone Shaft Mining |
| 31:15 | Build | Castle |
| 31:19 | Create | Villager (Male) |
| 31:19 | Create | Villager (Male) |
| 31:19 | Create | Villager (Male) |
| 31:26 | Build | Farm |
| 31:29 | Create | Villager (Male) ×5 |
| 31:34 | Create | Villager (Male) ×5 |
| 31:43 | Build | Farm |
| 31:46 | Build | Farm |
| 31:48 | Build | Farm |
| 31:50 | Build | Farm |
| 31:53 | Build | Farm |
| 32:08 | Build | Farm |
| 32:13 | Create | Villager (Male) ×5 |
| 32:31 | Create | Trade Cart ×4 |
| 32:58 | Build | Siege Workshop |
Match timeline
| 10:38 | 炸雞勇者 · first_building Barracks |
| 10:52 | king517670 · first_building Barracks |
| 11:17 | 炸雞勇者 · age_up feudal |
| 11:29 | 炸雞勇者 · wall_segment Palisade Wall x3 |
| 11:31 | Gérard Archer · age_up feudal |
| 11:42 | Gérard Archer · first_building Barracks |
| 11:57 | king517670 · age_up feudal |
| 12:43 | 炸雞勇者 · first_building Stable |
| 12:57 | kipchakwar · first_building Barracks |
| 13:04 | Gérard Archer · first_building Stable |
| 13:31 | king517670 · wall_segment Palisade Wall x1 |
| 13:32 | king517670 · wall_segment Palisade Wall x1 |
| 13:33 | king517670 · wall_segment Palisade Wall x1 |
| 13:33 | king517670 · wall_segment Palisade Wall x1 |
| 14:37 | 炸雞勇者 · wall_segment Palisade Wall x7 |
| 14:41 | kipchakwar · age_up feudal |
| 15:39 | kipchakwar · first_building Archery Range |
| 15:56 | 炸雞勇者 · first_building Archery Range |
| 16:52 | 炸雞勇者 · wall_segment Palisade Wall x3 |
| 18:50 | 炸雞勇者 · wall_segment Palisade Wall x6 |
| 19:14 | kipchakwar · age_up castle |
| 19:38 | king517670 · first_building Archery Range |
| 20:31 | 炸雞勇者 · age_up castle |
| 20:47 | kipchakwar · first_building Castle |
| 21:21 | Gérard Archer · first_building Archery Range |
| 21:52 | 炸雞勇者 · first_market_buy 100 wood |
| 25:01 | kipchakwar · wall_segment Stone Wall x6 |
| 25:49 | king517670 · first_market_buy 100 food |
| 28:22 | kipchakwar · first_building Stable |
| 31:15 | 炸雞勇者 · first_building Castle |
| 32:28 | king517670 · first_market_sell 500 wood |
| 32:58 | 炸雞勇者 · first_building Siege Workshop |
| 35:20 | king517670 · age_up castle |
| 35:28 | king517670 · first_building Monastery |
| 36:39 | 炸雞勇者 · first_building Monastery |
| 41:02 | Gérard Archer · first_market_sell 100 wood |
| 41:47 | Gérard Archer · first_market_buy 100 food |
| 44:59 | king517670 · first_building Castle |
| 45:20 | Gérard Archer · age_up castle |
| 46:36 | 炸雞勇者 · age_up imperial |
| 46:46 | king517670 · tribute_sent a jugador 1 |
| 46:46 | king517670 · tribute_sent a jugador 3 |
| 46:46 | king517670 · tribute_sent a jugador 4 |
| 46:59 | kipchakwar · first_building Monastery |
| 47:33 | kipchakwar · first_market_sell 500 wood |
| 48:14 | Gérard Archer · wall_segment Palisade Wall x7 |
| 48:34 | king517670 · first_building Siege Workshop |
| 50:54 | kipchakwar · age_up imperial |
| 53:32 | Gérard Archer · first_building Monastery |
| 53:36 | king517670 · tribute_sent a jugador 1 |
| 53:36 | king517670 · tribute_sent a jugador 3 |
| 53:36 | king517670 · tribute_sent a jugador 4 |
| 55:45 | king517670 · wall_segment Palisade Wall x17 |
| 55:54 | king517670 · wall_segment Palisade Wall x18 |
| 56:20 | king517670 · tribute_sent a jugador 1 |
| 56:20 | king517670 · tribute_sent a jugador 3 |
| 56:20 | king517670 · tribute_sent a jugador 4 |
| 56:25 | kipchakwar · resign |
[ AI ANALYSIS · 1 CREDIT ]
What really happened in this match?
Wolo.gg analyzes every decision: build order, eco, micro, common mistakes by bracket. Personalized analysis on WhatsApp or Discord in 30 seconds.
Civ guide
Khmer
Map guide
Cliffbound
Perfil
kipchakwar